 Dungeon Sprint DCSS version 0.24-a0-244-ga6a6ab7 (webtiles) character file.

Game seed: 15900949785093038918

1003 MikeHunt the Martial Artist (level 8, -20/59 HPs)
             Began as a Yellow Draconian Artificer on Apr 10, 2019.
             Was an Initiate of Cheibriados.
             Shot with an arrow by a centaur warrior (21 damage)
             ... in the Dungeon (Sprint I: "Red Sonja").
             The game lasted 00:03:30 (732 turns).

MikeHunt the Martial Artist (DrAr)                   Turns: 732, Time: 00:03:30

Health: -20/59     AC:  6    Str: 15    XL:     8   Next: 0%
Magic:  14/14      EV: 18    Int: 12    God:    Cheibriados [......]
Gold:   405        SH:  0    Dex: 16    Spells: 7/7 levels left

rFire    . . .     SeeInvis .     - Unarmed
rCold    . . .     Gourm    .   (no shield)
rNeg     . . .     Faith    .   (armour unavailable)
rPois    .         Spirit   .   (helmet restricted)
rElec    .         Reflect  .   (no cloak)
rCorr    +         Harm     .   (no gloves)
MR       .....     NoTele   +   (no boots)
Stlth    ++........             (no amulet)
HPRegen  0.19/turn              (no ring)
MPRegen  0.14/turn              (no ring)

@: very slow
A: spit acid, unfitting armour, cold-blooded, acid resistance, AC +6
a: Breathe Acid, Bend Time, Renounce Religion


You were in the Dungeon.
You worshipped Cheibriados.
Cheibriados was noncommittal.
You were not hungry.

You visited 1 branch You collected 405 gold pieces.

Inventory:

Hand Weapons
 a - a +0 short sword
 j - a +0 blowgun
Missiles
 g - 5 curare-tipped needles
Wands
 b - a wand of flame (5)
 c - a wand of enslavement (15)
 d - a wand of random effects (8)
Scrolls
 k - a scroll of blinking
 l - a scroll of immolation {unknown}
Potions
 e - a potion of curing
 h - a potion of haste
 i - 2 potions of magic
Comestibles
 f - a ration


   Skills:
 + Level 1.1 Fighting
 - Level 1.0 Short Blades
 - Level 8.3 Dodging
 - Level 0.8 Stealth
 - Level 12.1 Unarmed Combat
 + Level 0.0 Invocations
 - Level 9.3 Evocations


You had 7 spell levels left.
You didn't know any spells.
Your spell library was empty.

Dungeon Overview and Level Annotations

Branches:
Dungeon (1/1)

Altars:
Cheibriados
Dithmenos
Elyvilon
Fedhas
Gozag
Hepliaklqana
Kikubaaqudgha
Nemelex Xobeh
Okawaru
Qazlal
Ru
Sif Muna
Trog
Uskayaw
Vehumet
Wu Jian
Yredelemnul
Zin
The Shining One

Shops:
D (


Innate Abilities, Weirdness & Mutations

You can spit globs of acid.
Your golden yellow scales are hard. (AC +6)
You cannot fit into any form of body armour.
You are cold-blooded and may be slowed by cold attacks.
You are resistant to acid. (rCorr)


Message History

You punch the centaur warrior!
The centaur warrior is moderately wounded.
The centaur warrior shoots an arrow.
The arrow hits you. The centaur warrior barely misses you.
You hit the centaur warrior.
Your tail-slap misses the centaur warrior.
The centaur warrior is moderately wounded.
The centaur warrior shoots an arrow.
The arrow hits you! The centaur warrior misses you.
You punch the centaur warrior!
Your tail-slap misses the centaur warrior.
The centaur warrior is heavily wounded.
The centaur warrior shoots an arrow.
The arrow hits you!!
* * * LOW HITPOINT WARNING * * *
The centaur warrior hits you.
* * * LOW HITPOINT WARNING * * *
Okay, then.
You fail to use your ability.
The centaur warrior barely misses you.
The centaur warrior shoots an arrow.
The arrow hits you!!
You die...

################
#<.#..)..#..'..#
#..)..#..').#..+
#..#####'#####'# #
#..####..#...#[####§?#
#..#__####..##[#cc§.§#
#..#_____##'#_.@§§≈§.+
#⌠⌠#_.∩..)'..._#§§≈§§#
####_..__##_.#'##+####
#_____###'#.#
#########.####+###
......+...+$$T$$+
+++####...#######
##.## #+#


You could see 2 centaur warriors.

Vanquished Creatures
  Sonja (D)
  Sigmund (D)
  A yak (D)
  An ogre (D)
  A jelly (D)
  Ijyb (D)
6 creatures vanquished.

Notes
Turn   | Place    | Note
-------+----------+-------------------------------------------
     0 | D        | MikeHunt the Draconian Artificer began the quest for the
                  | Orb.
     0 | D        | Reached XP level 1. HP: 16/16 MP: 3/3
     1 | D        | Noticed Ijyb
     7 | D        | Killed Ijyb
     7 | D        | Reached skill level 3 in Unarmed Combat
     7 | D        | Reached skill level 5 in Evocations
     7 | D        | Reached XP level 2. HP: 20/23 MP: 3/5
    15 | D        | Noticed an ogre
    22 | D        | Killed an ogre
    22 | D        | Reached skill level 6 in Unarmed Combat
    22 | D        | Reached XP level 3. HP: 15/28 MP: 5/8
    22 | D        | Reached XP level 4. HP: 19/35 MP: 5/9
   207 | D        | Noticed Sigmund
   214 | D        | Killed Sigmund
   214 | D        | Reached skill level 8 in Unarmed Combat
   214 | D        | Reached XP level 5. HP: 40/40 MP: 9/11
   227 | D        | Found a deep blue altar of Sif Muna.
   228 | D        | Found an ornate altar of the Wu Jian Council.
   229 | D        | Found a radiant altar of Vehumet.
   232 | D        | Reached skill level 9 in Unarmed Combat
   232 | D        | Reached XP level 6. HP: 47/47 MP: 12/12
   237 | D        | Found Xalygig's Weapon Emporium.
   237 | D        | Found an ancient bone altar of Kikubaaqudgha.
   237 | D        | Found a hazy altar of Hepliaklqana.
   237 | D        | Found a stormy altar of Qazlal.
   237 | D        | Found a hide-covered altar of Uskayaw.
   237 | D        | Found a blossoming altar of Fedhas.
   237 | D        | Found a bloodstained altar of Trog.
   237 | D        | Found an iron altar of Okawaru.
   237 | D        | Found a basalt altar of Yredelemnul.
   237 | D        | Found a glowing golden altar of the Shining One.
   237 | D        | Found a snail-covered altar of Cheibriados.
   237 | D        | Found a sacrificial altar of Ru.
   237 | D        | Found a glowing silver altar of Zin.
   237 | D        | Found a shadowy altar of Dithmenos.
   237 | D        | Found a white marble altar of Elyvilon.
   237 | D        | Noticed a yak
   245 | D        | Killed a yak
   245 | D        | Reached skill level 5 in Dodging
   245 | D        | Reached skill level 10 in Unarmed Combat
   246 | D        | Found an opulent altar of Gozag.
   358 | D        | Found a sparkling altar of Nemelex Xobeh.
   362 | D        | Became a worshipper of Cheibriados the Contemplative
   500 | D        | Noticed Sonja
   513 | D        | Killed Sonja
   513 | D        | Reached skill level 12 in Unarmed Combat
   513 | D        | Your scales start taking on a golden yellow colour.
   513 | D        | Reached XP level 7. HP: 19/52 MP: 13/13
   513 | D        | Gained mutation: You are resistant to acid. (rCorr) [Yellow
                  | Draconian growth]
   513 | D        | Reached XP level 8. HP: 22/59 MP: 14/14
   703 | D        | Noticed a deep troll
   715 | D        | Noticed a centaur warrior
   718 | D        | Noticed a centaur warrior
   731 | D        | HP: 1/59 [centaur warrior (4)]
   732 | D        | Shot with an arrow by a centaur warrior

Levels and vault maps discovered:
D:        dungeon_sprint_1 [red_sonja_temple_1, red_sonja_temple_small_1]

Skill      XL: |  1  2  3  4  5  6 |
---------------+-------------------+-----
Unarmed Combat | 3 6 8 9 12 | 12.1
Evocations     | 5 7 9 |  9.3
Dodging        | 2 8 |  8.3
Fighting       | |  1.1
Short Blades   | |  1.0
Stealth        | |  0.8

Action                   |  1- 3 |  4- 6 |  7- 9 || total
-------------------------+-------+-------+-------++-------
Melee: Short sword       |     3 |       |       ||     3
       Tailslap          |     2 |     2 |       ||     4
       Unarmed           |     6 |    10 |     4 ||    20
Evoke: Wand              |     3 |    13 |     1 ||    17
  Use: Potion            |     1 |     1 |     1 ||     3
 Stab: Paralysed         |       |     5 |       ||     5
Armor: Skin              |     1 |     1 |     1 ||     3
Dodge: Dodged            |     2 |     7 |     5 ||    14

Table legend:
 A = Non-vault XP
 B = Vault XP
 C = Vault XP percentage of total XP
 D = Non-vault monster count
 E = Vault monster count
 F = Vault count percentage of total count
                 A         B        C        D         E       F
            +---------+---------+-------+---------+---------+-------
      Total |       0 |    1434 | 100.0 |       0 |       6 | 100.0
            +---------+---------+-------+---------+---------+-------
          D |       0 |    1434 | 100.0 |       0 |       6 | 100.0
            +---------+---------+-------+---------+---------+-------
